 Dungeon Crawl Stone Soup version 0.30.1-9-gdf580d7c3d (webtiles) character file.

Game seed: 17878585931642731881

4006 danielguo94 the Basher (level 10, -5/60 HPs)
             Began as a Gargoyle Fighter on Oct 10, 2023.
             Was a Follower of the Shining One.
             Slain by a spriggan
             ... wielding a +5 long sword of holy wrath
              (7 damage)
             ... in a bailey.
             The game lasted 00:08:50 (5714 turns).

danielguo94 the Basher (Gargoyle Fighter)           Turns: 5714, Time: 00:08:51

Health: -5/60      AC: 18    Str: 28    XL:     10   Next: 23%
Magic:  0/22       EV: 11    Int: 11    God:    the Shining One [*.....]
Gold:   337        SH:  5    Dex: 11    Spells: 9/9 levels left

rFire   . . .        f - +1 mace (holy)
rCold   . . .        c - +0 buckler
rNeg    + + .        b - +0 scale mail
rPois   ∞            r - +1 helmet {SInv}
rElec   +            (no cloak)
rCorr   .            (no gloves)
SInv    +            C - +0 pair of boots
Will    .....        l - amulet of guardian spirit
Stlth   x              - ring of Orasomm {Fly rN+ Str+6 Int+2}
HPRegen 0.30/turn    F - ring of magical power
MPRegen 0.18/turn

%: guardian spirit
@: flying, glowing
A: sickness immunity, AC +7, negative energy resistance 1, electricity
resistance, torment resistance 1, petrification resistance
a: Renounce Religion, Divine Shield


You were in a bailey.
You worshipped the Shining One.
The Shining One was aware of your devotion.
You visited 2 branches of the dungeon, and saw 8 of its levels.
You also visited: Ossuary and Bailey.

You collected 337 gold pieces.

Inventory:

Hand Weapons
 a - a +0 flail
 f - a +1 mace of holy wrath (weapon)
Missiles
 e - 2 boomerangs (quivered)
 v - 4 poisoned darts
 B - 6 javelins
Armour
 b - a +0 scale mail (worn)
 c - a +0 buckler (worn)
 r - a +1 helmet of see invisible (worn)
 C - a +0 pair of boots (worn)
Jewellery
 l - an amulet of guardian spirit (around neck)
 x - the ring of Orasomm (left hand) {Fly rN+ Str+6 Int+2}
   (You found it in an ossuary)

   [ring of strength]

   Str:       It affects your strength (+6).
   Int:       It affects your intelligence (+2).
   rN:        It protects you from negative energy.
   Fly:       It grants you flight.
 F - a ring of magical power (right hand)
Wands
 D - a wand of light (4)
Scrolls
 g - 2 scrolls of poison
 h - 4 scrolls of teleportation
 k - a scroll of brand weapon
 m - a scroll of blinking {unknown}
 n - 4 scrolls of summoning
 q - a scroll of enchant weapon {unknown}
 t - a scroll of silence {unknown}
 u - 2 scrolls of fear
 y - a scroll of magic mapping {unknown}
 E - a scroll of noise {unknown}
Potions
 d - 2 potions of might
 j - 3 potions of mutation
 o - a potion of attraction {unknown}
 p - a potion of berserk rage {unknown}
 s - 3 potions of curing
 w - a potion of cancellation {unknown}
 z - a potion of ambrosia {unknown}
 A - a potion of flight {unknown}


   Skills:
 + Level 5.7 Fighting
 * Level 10.6 Maces & Flails
 + Level 7.1 Armour
 + Level 3.1 Dodging
 + Level 5.3 Shields
 * Level 4.6 Invocations


You had 9 spell levels left.
You didn't know any spells.
Your spell library contained the following spells:

 Spells                   Type           Power      Damage    Failure   Level
 Static Discharge         Conj/Air       0%         2-2/arc   77%         2
 Dazzling Flash           Conj/Hex       0%         N/A       94%         3
 Volatile Blastmotes      Fire/Tloc      0%         2d10      94%         3
 Airstrike                Air            0%         2d(0-16)  100%        4
 Animate Dead             Necr           0%         N/A       100%        4
 Iskenderun's Mystic Bla  Conj/Tloc      0%         2d3       100%        4
 Summon Lightning Spire   Summ/Air       0%         N/A       100%        4
 Starburst                Conj/Fire      0%         6d3       100%        6
 Haunt                    Necr/Summ      0%         N/A       100%        7
 Infestation              Necr           0%         N/A       100%        8


Dungeon Overview and Level Annotations

Branches:
Dungeon (7/15)             Temple (1/1) D:4         Ossuary (visited)
 Bailey (1/1)

Altars:
Elyvilon
Qazlal
Ru
Zin
The Shining One

Annotations:
D:6 Edmund


Innate Abilities, Weirdness & Mutations

You are immune to sickness and miasma.
Your stone body is resilient. (AC +7)
You are immune to poison.
You resist negative energy. (rN+)
You are resistant to electric shocks. (rElec)
You are resistant to unholy torment.
You are immune to petrification.


Message History

You closely miss the spriggan.
The spriggan is almost dead.
The two-headed ogre shouts in stereo!
You block the spriggan's attack.
The spriggan hits you with a +5 long sword of holy wrath!
* * * LOW HITPOINT WARNING * * *
Unknown command.
You barely miss the spriggan.
The spriggan is almost dead.
The spriggan hits you with a +1 war axe of freezing!
* * * LOW HITPOINT WARNING * * *
The spriggan freezes you.
* * * LOW HITPOINT WARNING * * *
The spriggan hits you with a +5 long sword of holy wrath.
The Shining One protects you from harm!
You feel much better.
The spriggan hits you with a +5 long sword of holy wrath!
* * * LOW HITPOINT WARNING * * *
You block the spriggan's attack.
You completely miss the spriggan.
The spriggan is almost dead.
An ogre comes into view. It is wielding a +0 glaive.
The spriggan barely misses you. The spriggan closely misses you.
The ogre shouts!
You hit the spriggan.
You kill the spriggan!
The two-headed ogre hits you but does no damage. x2
The spriggan hits you with a +5 long sword of holy wrath!
The Shining One protects you from harm! The spriggan attacks as you move away!
The spriggan closely misses you.
Things that are here:
a +1 war axe of freezing; a spriggan corpse The spriggan closely misses you.
The spriggan attacks as you move away!
The spriggan hits you with a +5 long sword of holy wrath.
The Shining One protects you from harm!
You sock the spriggan!
The spriggan is moderately wounded.
The spriggan hits you with a +5 long sword of holy wrath!
You die...

##..#♣♣####).## #
##..#♣.. ##.)## ##
##..♣#.. ♣#..## #.
#...♣.. ##..###.
#...#.♣ #..~~~.
#..~♣.♣ .#..~~~.
#..~~.♣ .#..~)~.
#..~#.♣ ..#..~~~.
#...#@♣♣ ♣..#..))~.
#...#.i♣#♣#♣..##..###.
##..##.)O.O..##..## #.
##..##O....#♣..## ##
##..#####♣#).## #
##.........##
##.......## #########


You could see a two-headed ogre, an ogre and a spriggan.

Vanquished Creatures
  4 spriggans (Bailey)
  Eustachio (D:6)
  A steam dragon (D:7)
  3 water moccasins
  2 orc warriors
  4 black bears
  A sky beast (D:7)
  5 ogres
  A centaur (D:7)
  4 phantoms
  A wyvern zombie (Ossuary)
  A scorpion (D:5)
  2 water moccasin zombies (Ossuary)
  A howler monkey (D:5)
  3 bullfrog zombies (Ossuary)
  4 hounds
  2 centaur zombies (Ossuary)
  A gnoll bouda (D:5)
  5 orc priests
  4 orc wizards
  A killer bee zombie (Ossuary)
  17 mummies
  2 howler monkey zombies (Ossuary)
  4 gnolls (D:5)
  5 adders
  A white imp (D:6)
  A worm (D:2)
  2 dart slugs (D:1)
  22 orcs
  3 endoplasms
  A giant cockroach (D:1)
  13 goblins
  4 hobgoblins
  4 jackals (D:4)
  8 quokkas
  5 ball pythons
  7 bats
  3 frilled lizards
  A goblin zombie (D:5)
  6 kobolds
  A kobold zombie (D:5)
  5 rats
166 creatures vanquished.

Vanquished Creatures (others)
  An orc (D:5)
1 creature vanquished.

Grand Total: 167 creatures vanquished

Notes
Turn   | Place    | Note
-------+----------+-------------------------------------------
     0 | D:1      | danielguo94 the Gargoyle Fighter began the quest for the
                  | Orb.
     0 | D:1      | Reached XP level 1. HP: 14/14 MP: 1/1
   135 | D:1      | Reached XP level 2. HP: 18/19 MP: 2/2
   409 | D:1      | Reached XP level 3. HP: 18/23 MP: 3/3
   441 | D:1      | Reached skill level 3 in Maces & Flails
  1197 | D:3      | Reached XP level 4. HP: 28/28 MP: 4/4
  2099 | D:5      | Entered Level 5 of the Dungeon
  2119 | D:5      | Found a sand-covered staircase.
  2126 | Ossuary  | Entered an ossuary
  2137 | Ossuary  | Reached skill level 4 in Maces & Flails
  2139 | Ossuary  | Reached XP level 5. HP: 32/32 MP: 5/5
  2161 | Ossuary  | Reached XP level 6. HP: 21/37 MP: 6/6
  2167 | Ossuary  | Reached skill level 5 in Maces & Flails
  2179 | Ossuary  | Reached skill level 1 in Dodging
  2298 | Ossuary  | Reached XP level 7. HP: 42/42 MP: 7/7
  2301 | Ossuary  | Reached skill level 6 in Maces & Flails
  2317 | Ossuary  | Reached skill level 5 in Armour
  2467 | Ossuary  | Identified the ring of Orasomm {Fly rN+ Str+6 Int+2}
  2499 | Ossuary  | Reached skill level 7 in Maces & Flails
  2733 | D:4      | Reached XP level 8. HP: 48/48 MP: 8/8
  2814 | D:4      | Found a staircase to the Ecumenical Temple.
  2930 | Temple   | Entered the Ecumenical Temple
  3006 | Temple   | Became a worshipper of the Shining One
  3105 | D:4      | Found a sacrificial altar of Ru.
  3418 | D:5      | Reached skill level 8 in Maces & Flails
  3418 | D:5      | Reached skill level 1 in Invocations
  4106 | D:5      | Reached skill level 9 in Maces & Flails
  4106 | D:5      | Reached XP level 9. HP: 52/52 MP: 10/10
  4347 | D:5      | Reached * piety under the Shining One
  4630 | D:6      | Noticed Eustachio
  4632 | D:6      | Noticed Edmund
  4802 | D:6      | Reached skill level 5 in Fighting
  4932 | D:6      | Killed Eustachio
  5101 | D:7      | Reached skill level 10 in Maces & Flails
  5240 | D:7      | Reached skill level 5 in Shields
  5280 | D:7      | Found a flagged portal.
  5384 | Bailey   | Entered a bailey
  5423 | Bailey   | Reached XP level 10. HP: 36/59 MP: 13/13
  5705 | Bailey   | Noticed a two-headed ogre
  5707 | Bailey   | HP: 2/60 [spriggan/+1 war axe of freezing (12)]
  5707 | Bailey   | The Shining One protects you from harm!
  5710 | Bailey   | The Shining One protects you from harm!
  5713 | Bailey   | The Shining One protects you from harm!
  5714 | Bailey   | Slain by a spriggan

Illustrated notes

Levels and vault maps discovered:
D:1:      eino_arrival_tree_alley, layout_rooms, serial_bayou,
          serial_bayou_pond_e, serial_bayou_crossing, serial_bayou_pond_c,
          serial_bayou_lagoon_b, serial_bayou_pond_a, minmay_vboxes
D:2:      layout_basic, kennysheep_generic_room_2
D:3:      layout_basic
D:4:      layout_loops_ring, nicolae_ru_great_annihilating_truth,
          minmay_temple_entry_water_ring
D:5:      layout_loops_cross, nicolae_ossuary_entry_giza
D:6:      layout_cave_pools, uniq_edmund, uniq_eustachio
D:7:      layout_cave_pools, enter_bailey_5, kennysheep_another_room
Temple:   mainiacjoe_temple_big_plus
Bailey:   bailey_polearm_enchanted_keep_hellmonk, bailey

Skill      XL: |  1  2  3  4  5  6  7  8  9 10 |
---------------+-------------------------------+-----
Maces & Flails | 3 4 5 7 9 10 | 10.6
Armour         | 4 5 6 7 |  7.1
Dodging        | 1 2 3 |  3.1
Fighting       | 4 5 |  5.7
Invocations    | 2 4 |  4.6
Shields        | 4 5 |  5.3

Action                     |  1- 3 |  4- 6 |  7- 9 | 10-12 || total
---------------------------+-------+-------+-------+-------++-------
  Melee: Flail             |    19 |       |       |       ||    19
         Mace              |   105 |   113 |   412 |    40 ||   670
  Evoke: Wand              |       |       |     1 |       ||     1
    Use: Scroll            |       |     8 |     3 |       ||    11
         Potion            |       |     2 |     2 |     2 ||     6
   Stab: Distracted        |       |     1 |       |       ||     1
 Armour: Scale mail        |    69 |    60 |   269 |    18 ||   416
  Dodge: Dodged            |    70 |    50 |   251 |    17 ||   388
  Block: Buckler           |    19 |    27 |   115 |     7 ||   168
